 Dungeon Crawl Stone Soup version 0.25-a0-737-g26c3a87c45 (webtiles) character file.

Game seed: 8019432247149996976, levelgen mode: deterministic

1775 Maedhros the Covert (level 9, -2/58 HPs)
             Began as an Octopode Artificer on Apr 12, 2020.
             Was a Priest of Cheibriados.
             Slain by a black bear (10 damage)
             ... on level 8 of the Dungeon.
             The game lasted 00:15:01 (2548 turns).

Maedhros the Covert (Octopode Artificer)            Turns: 2548, Time: 00:15:01

Health: -2/58      AC:  1    Str: 20    XL:     9   Next: 8%
Magic:  11/11      EV: 16    Int: 21    God:    Cheibriados [***...]
Gold:   236        SH:  0    Dex: 23    Spells: 8/8 levels left

rFire    . . .     SeeInvis .   w - +0 dagger (elec)
rCold    . . .     Gourm    .   (no shield)
rNeg     . . .     Faith    .   (helmet restricted)
rPois    .         Spirit   .   (no amulet)
rElec    .         Reflect  .   p - ring of stealth
rCorr    .         Harm     .   u - ring of stealth
MR       +....                  x - ring of flight
Stlth    ++++++++..             y - ring of protection from magic
HPRegen  0.19/turn              (no ring)
MPRegen  0.12/turn              (no ring)
                                (no ring)
                                (no ring)

@: very slow
A: almost no armour, stealthy swim, amphibious, 8 rings, constrict 8, camouflage
1, gelatinous body 1
a: Bend Time, Temporal Distortion, Renounce Religion, Evoke Flight


You were on level 8 of the Dungeon.
You worshipped Cheibriados.
Cheibriados was most pleased with you.
You were not hungry.

You visited 1 branch of the dungeon, and saw 8 of its levels.

You collected 236 gold pieces.

Inventory:

Hand Weapons
 a - a +0 short sword
 w - a +0 dagger of electrocution (weapon)
 B - a +0 arbalest
Missiles
 d - 31 poisoned darts
 k - 2 javelins (quivered)
 n - 52 stones
 s - 42 sling bullets
 C - 23 bolts
Jewellery
 p - a ring of stealth (left tentacle)
 u - a ring of stealth (right tentacle)
 x - a ring of flight (on tentacle)
 y - a ring of protection from magic (on tentacle)
Wands
 b - a wand of flame (4)
 c - a wand of enslavement (4)
Scrolls
 l - 3 scrolls of remove curse
 m - 4 scrolls of teleportation
 r - 2 scrolls of blinking
 t - 3 scrolls of fear {unknown}
 v - a scroll of enchant weapon {unknown}
 z - a scroll of enchant armour {unknown}
 A - a scroll of magic mapping {unknown}
Potions
 e - 2 potions of brilliance
 g - 2 potions of berserk rage
 h - 2 potions of stabbing
 j - 2 potions of heal wounds
 o - 2 potions of flight
 q - a potion of cancellation
Comestibles
 f - 6 rations


   Skills:
 + Level 4.0 Fighting
 - Level 1.0 Short Blades
 + Level 4.3 Dodging
 + Level 9.1 Stealth
 * Level 7.4 Unarmed Combat
 - Level 3.2 Evocations


You had 8 spell levels left.
You didn't know any spells.
Your spell library contained the following spells:

 Spells                   Type           Power        Failure   Level  Hunger
 Magic Dart               Conj           #...         19%         1    ##.....
 Searing Ray              Conj           #.....       26%         2    ###....
 Dazzling Flash           Conj/Hex       #.....       47%         3    ####...
 Fulminant Prism          Conj/Hex       #.........   87%         4    #####..
 Iskenderun's Mystic Bla  Conj/Tloc      #.......     87%         4    #####..


Dungeon Overview and Level Annotations

Branches:
Dungeon (8/15)             Temple (0/1) D:6
   Lair: D:8-11

Altars:
Cheibriados
Trog
The Shining One


Innate Abilities, Weirdness & Mutations

You cannot wear most types of armour.
You are very stealthy in the water. (Stealth+)
You are amphibious.
You can wear up to eight rings at the same time.
You can use your tentacles to constrict eight enemies at once.
Your skin changes colour to match your surroundings (Stealth+).
Your rubbery body absorbs attacks. (AC +1, EV +1)


Message History

Anything else - Cancel.
Guard this area!
Your black bear closely misses the orc warrior.
Your black bear claws the orc warrior.
Your black bear barely misses the orc warrior.
The orc warrior hits your black bear with a +0 short sword!
Your black bear bites the orc warrior.
Your black bear barely misses the orc warrior.
Your black bear claws the orc warrior but does no damage.
Your black bear bites the orc warrior!
The orc warrior dies!
Cheibriados appreciates the change of pace.
Your Fighting skill increases to level 4!
Your black bear looks stronger.
Unknown command.
You hit the plant but do no damage. You grab the plant.
You squeeze the plant, but do no damage.
You constrict the plant, but do no damage.
The black bear is no longer charmed.
The black bear bites you!
You die...

#..# .... ....## ...
.. .PP.PP##..# ...
P.P....#..##.#.
..PP.P.........
.P..PP..$.... #....P.
#P..P...# #...P.P
#P..P@..# #..P...+
#P.P.h..# .
#...P..####.P.P...# ..
#.P.PP.PPPPPPP...†#..
#...P.P.P.P..#.......#
#.PP.P.P.P.P.#.##....#
#.PP.PPP......y...Z#..
#..P÷.P.P.....##.....
#.......)..##.# .##..


You could see a black bear (berserk) and a friendly hornet.

Vanquished Creatures
  Sigmund (D:3)
  2 hippogriffs
  A porcupine (D:8)
  An ogre (D:5)
  4 centaurs
  A big kobold (D:7)
  2 iguanas (D:5)
  A howler monkey (D:4)
  3 crimson imps
  A bullfrog zombie (D:5)
  A hound (D:5)
  2 worker ants
  4 gnolls (D:4)
  5 adders
  A shadow imp (D:7)
  An adder zombie (D:7)
  2 dart slugs
  7 leopard geckos
  3 orcs (D:3)
  A ball python (D:2)
  6 bats
  6 giant cockroaches
  3 goblins
  3 hobgoblins
  12 jackals
  11 kobolds
  2 quokkas
  7 frilled lizards
  2 leopard gecko skeletons (D:4)
  2 rats (D:1)
98 creatures vanquished.

Vanquished Creatures (collateral kills)
  An ice beast (D:8)
  An orc warrior (D:8)
  Blork the orc (D:5)
  A bullfrog (D:8)
  A scorpion (D:8)
  A hound (D:8)
  2 frilled lizards (D:7)
8 creatures vanquished.

Vanquished Creatures (others)
  A gnoll shaman (D:4)
  An iguana (D:7)
2 creatures vanquished.

Grand Total: 108 creatures vanquished

Notes
Turn   | Place    | Note
-------+----------+-------------------------------------------
     0 | D:1      | Maedhros the Octopode Artificer began the quest for the
                  | Orb.
     0 | D:1      | Reached XP level 1. HP: 13/13 MP: 3/3
    55 | D:1      | Reached skill level 2 in Stealth
    60 | D:1      | Reached skill level 1 in Unarmed Combat
    60 | D:1      | Reached XP level 2. HP: 14/18 MP: 4/4
   305 | D:2      | Reached skill level 3 in Stealth
   305 | D:2      | Reached XP level 3. HP: 21/23 MP: 5/5
   397 | D:4      | Reached skill level 4 in Stealth
   397 | D:4      | Reached XP level 4. HP: 21/28 MP: 6/6
   408 | D:4      | Found a snail-covered altar of Cheibriados.
   414 | D:4      | Became a worshipper of Cheibriados the Contemplative
   497 | D:3      | Noticed a hippogriff
   975 | D:3      | Found a glowing golden altar of the Shining One.
   975 | D:3      | Noticed Sigmund
   982 | D:3      | Killed Sigmund
   982 | D:3      | Reached * piety under Cheibriados
   982 | D:3      | Reached skill level 6 in Stealth
   982 | D:3      | Reached XP level 5. HP: 23/33 MP: 7/7
   982 | D:3      | Reached XP level 6. HP: 27/38 MP: 8/8
  1183 | D:3      | Killed a hippogriff
  1183 | D:3      | Reached skill level 7 in Stealth
  1333 | D:4      | Reached XP level 7. HP: 24/43 MP: 9/9
  1526 | D:4      | Reached ** piety under Cheibriados
  1556 | D:5      | Entered Level 5 of the Dungeon
  1576 | D:5      | Reached skill level 5 in Unarmed Combat
  1602 | D:5      | Noticed Blork the orc
  1615 | D:5      | Killed Blork the orc
  1773 | D:5      | Reached XP level 8. HP: 48/51 MP: 10/10
  1818 | D:6      | Found a staircase to the Ecumenical Temple.
  1871 | D:7      | Reached skill level 8 in Stealth
  1894 | D:7      | Reached *** piety under Cheibriados
  1936 | D:7      | Found a snail-covered altar of Cheibriados.
  2101 | D:7      | Found a bloodstained altar of Trog.
  2205 | D:8      | Noticed a hippogriff
  2527 | D:8      | Killed a hippogriff
  2527 | D:8      | Reached XP level 9. HP: 32/58 MP: 11/11
  2536 | D:8      | Reached skill level 9 in Stealth
  2541 | D:8      | Noticed a hornet
  2548 | D:8      | Slain by a black bear

Levels and vault maps discovered:
D:1:      dpeg_arrival_tiny_g, layout_basic
D:2:      layout_rooms, corner_web_ring
D:3:      layout_basic, tso_altar, minmay_misc_feat_pillars, uniq_sigmund
D:4:      layout_loops_ring, gup_sewer_entry_glass, first_ration,
          cheibriados_altar_1
D:5:      layout_loops_cross, zin_academy, overflow_temple_1_default,
          st_stairs_5, minmay_fractal_squares_5, uniq_blork_the_orc, uniq_ijyb
D:6:      layout_cave_pools, grunt_dithmenos_shadows, lemuel_crystal_altar,
          minmay_temple_entry_trees, hex_large, lemuel_angel_altar
D:7:      layout_layer_cave, kennysheep_little_box,
          lemuel_coloured_pillars_altar, grunt_livestock, minmay_lizard_king
D:8:      kennysheep_blocky_room, layout_basic, grunt_lair_entry_orc_guard_hut,
          basic_altar, minmay_fractal_squares_diagonal_5

Skill      XL: |  1  2  3  4  5  6  7  8  9 |
---------------+----------------------------+-----
Stealth        | 2 3 4 6 7 8 9 |  9.1
Unarmed Combat | 1 2 3 4 5 7 |  7.4
Fighting       | 2 3 4 |  4.0
Dodging        | 3 4 |  4.3
Short Blades   | |  1.0
Evocations     | |  3.2

Action                   |  1- 3 |  4- 6 |  7- 9 || total
-------------------------+-------+-------+-------++-------
Melee: Short sword       |    33 |    57 |    35 ||   125
       Constrict         |     8 |    14 |    30 ||    52
       Tentacles         |     5 |    14 |    33 ||    52
       Punch             |       |     4 |     3 ||     7
       Dagger            |       |       |    69 ||    69
Evoke: Wand              |     2 |    13 |    15 ||    30
  Use: Scroll            |     2 |       |     6 ||     8
       Potion            |       |       |     3 ||     3
 Stab: Sleeping          |     5 |     3 |    15 ||    23
  Eat: Chunk             |       |     1 |     2 ||     3
Armor: Skin              |     1 |     4 |     3 ||     8
Dodge: Dodged            |    13 |    43 |    84 ||   140

Table legend:
 A = Non-vault XP
 B = Vault XP
 C = Vault XP percentage of total XP
 D = Non-vault monster count
 E = Vault monster count
 F = Vault count percentage of total count
                 A         B        C        D         E       F
            +---------+---------+-------+---------+---------+-------
      Total |    1736 |     801 |  31.6 |      85 |      22 |  20.6
            +---------+---------+-------+---------+---------+-------
        D:1 |      23 |       0 |   0.0 |      12 |       0 |   0.0
        D:2 |      31 |       0 |   0.0 |      11 |       0 |   0.0
        D:3 |     250 |     227 |  47.6 |      15 |       1 |   6.2
        D:4 |     193 |      19 |   9.0 |      17 |       4 |  19.0
        D:5 |     353 |     172 |  32.8 |       9 |       4 |  30.8
        D:6 |       4 |       0 |   0.0 |       2 |       0 |   0.0
        D:7 |     550 |      14 |   2.5 |      15 |       8 |  34.8
        D:8 |     332 |     369 |  52.6 |       4 |       5 |  55.6
            +---------+---------+-------+---------+---------+-------
